AoeStats
← en Au

Hideout

509688952Analyzed
1v1 RM · 3d ago on Sep 27, 2026· 57m 2s· 2 players
Game mode
Random Map
Map size
Tiny (2 player)
Population
200
Speed
Normal
Resources
Standard
Victory
Conquest
Starting age
Dark Age
Ending age
Imperial Age
RankedLock teamsTeams togetherTeam positionsShared explorationLock speedFull tech treeHidden civsTurbo modeCheats
Victory
Defeat
🇫🇷 Bohemians · France
932
+17
🇦🇷 Franks · Argentina
955
-17
en Au
1:31 Loom
11:36 Feudal Age
12:33 Horse Collar
18:16 Castle Age
19:47 Double-Bit Axe
20:05 Heavy Plow
23:13 Fervor
23:59 Sanctity
24:36 Bow Saw
25:31 Fletching
26:10 Forging
26:14 Pikeman
26:54 Squires
29:19 Wheelbarrow
28:29 Town Watch
32:09 Imperial Age
30:46 Wagenburg Tactics
33:13 Conscription
33:00 Hussite Reforms
34:07 Block Printing
34:17 Illumination
34:34 Illumination
34:25 Block Printing
34:46 Theocracy
35:17 Hand Cart
36:32 Two-Man Saw
35:19 Man-at-Arms
35:25 Halberdier
36:08 Elite Hussite Wagon
37:10 Town Patrol
38:36 Redemption
40:10 Iron Casting
39:36 Scale Mail Armor
40:25 Bodkin Arrow
41:21 Fortified Wall
41:32 Ballistics
42:12 Chemistry
41:23 Masonry
47:51 Arson
49:10 Blast Furnace
48:10 Bracer
48:26 Chain Mail Armor
48:11 Padded Archer Armor
48:17 Scale Barding Armor
52:17 Plate Mail Armor
53:46 Leather Archer Armor
53:52 Chain Barding Armor
56:56 Ring Archer Armor
Gulliver
6:52 Loom
10:52 Feudal Age
9:50 Loom
11:54 Double-Bit Axe
16:00 Castle Age
15:02 Gold Mining
16:56 Bow Saw
18:15 Stone Mining
20:04 Gold Shaft Mining
25:15 Scale Barding Armor
29:16 Wheelbarrow
30:45 Hand Cart
31:11 Husbandry
31:23 Forging
31:34 Chain Barding Armor
36:07 Imperial Age
33:35 Ordonnance Companies
34:20 Scale Mail Armor
33:47 Elite Skirmisher
36:02 Iron Casting
35:19 Fletching
35:29 Padded Archer Armor
36:03 Chain Mail Armor
35:16 Pikeman
35:56 Squires
36:57 Town Watch
37:06 Cavalier
38:38 Plate Barding Armor
39:03 Blast Furnace
37:52 Halberdier
39:10 Conscription
39:03 Capped Ram
41:39 Bodkin Arrow
41:59 Leather Archer Armor
42:15 Plate Mail Armor
43:54 Murder Holes
43:40 Treadmill Crane
44:20 Ballistics
45:01 Chemistry
44:11 Masonry
47:11 Chivalry
Connection lost

Rejoining the realm…

Still unreachable

The connection could not be restored.

Session expired

The server has moved on; the page needs a fresh start.